 Dungeon Crawl Stone Soup version v3.33-hellcrawl-189-gd9da4bb (webtiles) character file.

27346 tatters the Earth Mage (level 15, -7/130 HPs)
             Began as a Grey Draconian Wanderer on Oct 8, 2017.
             Was a High Priest of Sif Muna.
             Mangled by an alligator (9 damage)
             ... on level 1 of the Swamp.
             The game lasted 01:47:18 (20788 turns).

tatters the Earth Mage (Grey Draconian Wanderer)   Turns: 20788, Time: 01:47:19

Health: -7/130     AC: 23 (0%)Str: 13   XL:     15   Next: 12%
Magic:  26/40      EV: 11    Int: 28    God:    Sif Muna [5*[120]]
Gold:   826        SH:  0    Dex:  6    Spells: 7/38 levels left

rFire    + . .     SeeInvis .   a - +0 rapier (protect)
rCold    + . .     Faith    +   (no shield)
rNeg     . . .     Spirit   .   (armour unavailable)
rPois    .         Reflect  .   U - +2 hat {MP+9}
rElec    +                      (no cloak)
rCorr    .                      s - +0 pair of gloves
MR       +....                  Y - +0 pair of boots
Stlth    +++.......             O - amulet of the Villain {Faith rElec rF+ Dex-3}
Regen    0.4/turn               N - +6 ring of intelligence
MPRegen  0.4/turn               l - ring of ice

@: very slightly contaminated, divine energy
A: walk through water, unfitting armour, unbreathing, cold-blooded, AC +14
a: Stop Divine Energy, Channel Magic, Forget Spell, Renounce Religion


You were on level 1 of the Swamp.
You worshipped Sif Muna.
Sif Muna was extremely pleased with you.
You were not hungry.

You visited 3 branches of the dungeon, and saw 18 of its levels.

You collected 2329 gold pieces.
You spent 1503 gold pieces at shops.

Inventory:

Hand Weapons
 a - a +0 rapier of protection (weapon)
 b - a +3 double sword of freezing
Missiles
 f - 1884 arrows
 v - 4 tomahawks of dispersal (quivered)
 C - 162 tomahawks
 Q - 366 bolts
 Z - 108 poisoned javelins
Armour
 s - a +0 pair of gloves (worn)
 A - a +2 shield of reflection
 D - a +1 shield of protection
 I - a +0 buckler
 U - a +2 hat of magical power (worn)
 Y - a +0 pair of boots (worn)
Magical Staves
 z - an uncursed staff of death
Jewellery
 l - a ring of ice (right hand)
 w - an uncursed amulet of faith
 E - an uncursed ring of fire
 L - an uncursed ring of protection from magic
 M - a +3 ring of protection
 N - a +6 ring of intelligence (left hand)
 O - the amulet of the Villain (around neck) {Faith rElec rF+ Dex-3}
   (You bought it in a shop on level 2 of the Orcish Mines)

   [amulet of faith]

   It allows you to gain divine favour quickly.
   It affects your dexterity (-3).
   It protects you from fire.
   It insulates you from electricity.
 S - an uncursed ring of wizardry
 W - the ring "Hutowios" {rF+ rC- MR+++ Dex+3 Slay-4}
   (You bought it in a shop on level 2 of the Orcish Mines)

   [ring of dexterity]

   It affects your dexterity (+3).
   It affects your accuracy and damage with ranged weapons and melee attacks
   (-4).
   It protects you from fire.
   It makes you vulnerable to cold.
   It affects your resistance to hostile enchantments.
Wands
 d - a wand of disintegration (6)
 j - a wand of lightning (7)
 k - a wand of scattershot (1)
 p - a wand of flame (5)
 G - a wand of paralysis (7)
 P - a wand of iceblast (4)
 X - a wand of clouds (2)
Scrolls
 e - a scroll of enchant armour
 g - 3 scrolls of blinking
 m - 5 scrolls of immolation
 n - 5 scrolls of amnesia
 o - a scroll of fear
 t - 6 scrolls of magic mapping
 u - a scroll of fog
 x - a scroll of brand weapon
 y - 4 scrolls of enchant weapon
 V - 2 scrolls of teleportation
Potions
 c - 9 potions of lignification
 h - 11 potions of curing
 i - 5 potions of flight
 q - 6 potions of heal wounds
 r - 2 potions of berserk rage
 B - 4 potions of augmentation
 H - 2 potions of cancellation
 J - 12 potions of mutation
 K - a potion of magic
 R - a potion of resistance
 T - 2 potions of ambrosia
Miscellaneous
 F - a sack of spiders


   Skills:
 - Level 11.3 Fighting
 - Level 2.0 Blades
 - Level 3.6 Crossbows
 - Level 1.0 Throwing
 - Level 7.2 Stealth
 + Level 4.6 Shields
 - Level 12.1(13.8) Spellcasting
 + Level 3.2(4.9) Transmutations
 - Level 1.0(2.7) Fire Magic
 - Level 15.4(17.1) Earth Magic
 - Level 14.7 Invocations
 - Level 1.0 Evocations


You had 7 spell levels left.
You knew the following spells:

 Your Spells              Type           Power        Failure   Level  Hunger
a - Orb of Destruction    Erth           86 (200)     1%          7    ######.
b - Apportation           Tloc           28 (1000)    1%          1    None
c - Conjure Flame         Fire/Air       31 (100)     3%          3    None
d - Lee's Rapid Deconstr  Erth           86 (200)     1%          5    #......
e - Petrify               Tmut/Erth      69 (100)     1%          4    None
f - Leda's Liquefaction   Hex/Erth       64 (200)     1%          4    None
g - Passage of Golubria   Tloc           N/A          13%         4    None
z - Force Lance           Tloc/Erth      64 (100)     1%          3    None


Dungeon Overview and Level Annotations

Branches:
Dungeon (15/15)             Swamp (1/3) Orc:2         Slime (0/4) Orc:2
    Orc (2/2) D:15         Vaults (0/3) D:15         Depths (0/3) D:15
  Snake: Orc:2       Spider: Orc:2

Altars:
Cheibriados
Dithmenos
Elyvilon
Gozag
Hepliaklqana
Kikubaaqudgha
Makhleb
Nemelex Xobeh
Okawaru
Qazlal
Ru
Sif Muna
Trog
Uskayaw
Vehumet
Xom
Yredelemnul
Zin
The Shining One
Jiyva

Shops:
D:5 *   Orc:2 !*:=(


Innate Abilities, Weirdness & Mutations

You can walk through water.
Your dull iron-grey scales are very hard. (AC +14)
Your body does not fit into most forms of armour.
You can survive without breathing.
You are cold-blooded and may be slowed by cold attacks.


Message History

Press: ? - help, Shift-Dir - straight line, f - shambling mangrove
Aim: a shambling mangrove (almost destroyed)
Casting: Orb of Destruction
Confirm with . or Enter, or press ? or * to list all spells.
Okay, then.
You feel better.
The orb of destruction hits the shambling mangrove (69).
You blow up the shambling mangrove!
The grasping roots settle back into the ground.
Casting: Orb of Destruction
Confirm with . or Enter, or press ? or * to list all spells.
Aiming: Orb of Destruction
Press: ? - help, Shift-Dir - straight line, f - alligator
Aim: an alligator (moderately wounded)
The wavering orb of destruction weakly hits the alligator (36).
The alligator is almost dead.
The alligator bites you (13)!
* * * LOW HITPOINT WARNING * * *
The alligator tail-slaps you (9)!
You die...

..♣♣♣ ♣♣..♣ ..≈≈≈≈≈.♣
....♣♣♣..≈♣ ♣.≈≈≈≈≈..♣
.≈≈...≈≈≈♣♣ ♣..≈≈≈≈≈.♣
≈≈≈≈≈≈.♣♣♣♣♣♣ ♣♣..≈≈≈≈≈..♣♣..
≈≈≈≈≈≈...♣♣≈♣♣ ♣.)..≈..≈≈.≈≈≈≈
≈≈≈≈≈≈≈......♣ ♣..≈≈...≈≈.≈.≈≈
.≈≈.≈..≈♣....♣ ♣♣♣.≈≈..≈.≈(..≈.
≈≈≈≈≈.≈≈≈)(..♣♣♣...≈.♣♣♣.%..≈..
≈≈≈≈..§.≈....♣♣≈@t§≈..♣♣.§≈.♣..
≈≈≈≈.≈♣...≈≈≈...♣♣≈§§.♣≈.%≈≈≈..
≈≈≈....≈≈.≈≈....♣♣♣♣≈.≈..≈≈..♣♣
.≈≈..§.♣♣♣.....≈♣ ♣♣♣♣.≈≈≈≈..♣
≈≈≈.≈≈.♣♣♣.....♣♣ ♣≈...≈§≈≈...
.≈..≈≈≈♣.....♣♣♣♣≈≈≈.≈§.≈≈§§≈..
♣♣♣♣♣♣♣♣......♣♣♣♣♣♣....%≈≈≈§≈.
♣♣♣♣≈♣♣≈≈♣♣...≈♣ ♣....≈≈≈.§*.
♣≈......≈♣♣♣§.♣♣ ♣≈≈).≈§.≈♣♣♣


You could see an alligator.

Vanquished Creatures
  Roxanne (D:14)
  Kirke (Swamp:1)
  An ettin (Orc:1)
  Harold (D:11)
  A great orb of eyes (D:14)
  5 hydras
  A ghost crab (Swamp:1)
  2 ogre magi
  A centaur warrior (D:14)
  2 dancing weapons (D:15)
  3 alligators (Swamp:1)
  3 tengu warriors (D:15)
  5 orc high priests (Orc:2)
  9 two-headed ogres
  Urug (Orc:1)
  A spriggan (Swamp:1)
  Nergalle (D:11)
  A storm dragon zombie (D:15)
  17 skeletal warriors
  4 unseen horrors
  A shambling mangrove (Swamp:1)
  A wizard (D:15)
  A phantasmal warrior (D:15)
  A sphinx zombie (D:15)
  10 orc knights (Orc:2)
  A mana viper (shapeshifter) (D:14)
  A necromancer (D:15)
  3 orc sorcerers
  7 ugly things
  2 deep elf magi
  4 cyclopes
  A manticore (D:14)
  2 hornets (Swamp:1)
  2 black mambas
  A frost giant skeleton (D:15)
  2 spiny frogs
  3 gargoyles
  2 rime drakes
  A komodo dragon (Swamp:1)
  A redback zombie (D:14)
  A guardian mummy (D:15)
  2 tengu conjurers (D:15)
  4 tyrant leeches (Swamp:1)
  13 trolls
  13 blink frogs
  A hornet zombie (D:15)
  A black mamba zombie (D:12)
  A shadow (D:11)
  A vampire (D:13)
  A wraith (D:14)
  A spriggan skeleton (D:15)
  3 wyverns
  8 yaks (D:10)
  A steam dragon (D:9)
  An angry ghost (D:7)
  2 hogs (Swamp:1)
  5 wargs
  2 swamp worms (Swamp:1)
  A spiny frog zombie (D:8)
  An acid dragon (D:14)
  2 spiny frog skeletons
  Duvessa (D:5)
  3 swamp drakes
  32 orc warriors
  2 ice beasts
  2 black bears (D:8)
  A phantom (D:6)
  3 wasps (Swamp:1)
  7 ogres
  5 centaurs
  A blink frog skeleton (D:9)
  A rime drake skeleton (D:10)
  2 bullfrogs
  A wyvern zombie (D:10)
  Dowan (D:5)
  A wyvern skeleton (D:14)
  4 scorpions
  5 crimson imps
  14 wights
  8 killer bees
  A howler monkey (D:6)
  4 centaur zombies
  A quasit (D:8)
  34 orc priests
  4 jellies
  4 hounds
  A gnoll shaman (D:6)
  2 centaur skeletons
  10 orc wizards
  Jessica (D:2)
  Terence (D:2)
  4 worker ants
  4 iguanas
  A hound zombie (D:6)
  6 gnolls
  4 adders
  4 shadow imps
  An adder skeleton (D:4)
  A dart slug (D:4)
  63 orcs
  7 quokkas
  2 ball pythons
  4 giant cockroaches
  5 goblins
  7 hobgoblins
  4 jackals (D:4)
  6 bats
  4 frilled lizards
  2 kobolds
  7 rats
  A withered plant (D:15)
467 creatures vanquished.

Vanquished Creatures (others)
  A withered plant (D:15)
1 creature vanquished.

Grand Total: 468 creatures vanquished

Notes
Turn   | Place    | Note
-------+----------+-------------------------------------------
     0 | D:1      | tatters the Draconian Wanderer began the quest for the Orb.
     0 | D:1      | tatters set off with: a +2 rapier, a potion of lignification, a +0 hand crossbow, 201 bolts
     0 | D:1      | Reached XP level 1. HP: 17/17 MP: 1/1
   374 | D:1      | Reached XP level 2. HP: 26/26 MP: 2/2
  1101 | D:2      | Noticed Terence
  1148 | D:2      | Killed Terence
  1148 | D:2      | Reached XP level 3. HP: 25/34 MP: 3/3
  1290 | D:2      | Found a bloodstained altar of Trog.
  1454 | D:2      | Found a deep blue altar of Sif Muna.
  1496 | D:2      | Became a worshipper of Sif Muna the Loreminder
  1558 | D:2      | Reached XP level 4. HP: 41/41 MP: 4/4
  1571 | D:2      | Found a snail-covered altar of Cheibriados.
  1621 | D:2      | Found a white marble altar of Elyvilon.
  1715 | D:2      | Noticed Jessica
  1722 | D:2      | Killed Jessica
  1722 | D:2      | Reached skill level 5 in Fighting
  2001 | D:3      | Found a sparkling altar of Nemelex Xobeh.
  2023 | D:3      | Found a sacrificial altar of Ru.
  2075 | D:3      | Found a faded altar of an unknown god.
  2284 | D:3      | Reached * piety under Sif Muna
  2341 | D:3      | Reached XP level 5. HP: 42/50 MP: 5/5
  2735 | D:4      | Found an iron altar of Okawaru.
  2778 | D:4      | Noticed an ogre
  2787 | D:4      | Killed an ogre
  2787 | D:4      | Reached XP level 6. HP: 45/60 MP: 6/6
  2927 | D:4      | Found a shimmering altar of Xom.
  3221 | D:4      | Found a hide-covered altar of Uskayaw.
  3223 | D:4      | Found a basalt altar of Yredelemnul.
  3224 | D:4      | Found a glowing silver altar of Zin.
  3226 | D:4      | Found a burning altar of Makhleb.
  3476 | D:4      | Reached skill level 1 in Stealth
  3668 | D:5      | Entered Level 5 of the Dungeon
  3705 | D:5      | Your scales start taking on a dull iron-grey colour.
  3705 | D:5      | Reached XP level 7. HP: 61/68 MP: 7/7
  3705 | D:5      | Gained mutation: You can survive without breathing. [Grey Draconian growth]
  3906 | D:5      | Reached skill level 1 in Fire Magic
  3911 | D:5      | Learned a level 3 spell: Conjure Flame
  3996 | D:5      | Found an opulent altar of Gozag.
  3996 | D:5      | Found Gozag's Platinum Reserve.
  4054 | D:5      | Reached skill level 1 in Spellcasting
  4089 | D:5      | Noticed Duvessa
  4109 | D:5      | Noticed Dowan
  4142 | D:5      | Killed Duvessa
  4149 | D:5      | Killed Dowan
  4585 | D:5      | Reached XP level 8. HP: 57/74 MP: 12/14
  4663 | D:6      | Found a radiant altar of Vehumet.
  4792 | D:6      | Reached skill level 5 in Spellcasting
  4939 | D:6      | Found a stormy altar of Qazlal.
  4939 | D:6      | Noticed an air elemental
  5016 | D:6      | Reached ** piety under Sif Muna
  5120 | D:6      | Found a hazy altar of Hepliaklqana.
  5319 | D:6      | Found a glowing golden altar of the Shining One.
  5555 | D:6      | Found a shadowy altar of Dithmenos.
  5844 | D:7      | Learned a level 1 spell: Apportation
  6280 | D:7      | Reached *** piety under Sif Muna
  6378 | D:7      | Reached XP level 9. HP: 65/82 MP: 19/19
  6904 | D:7      | Found an ancient bone altar of Kikubaaqudgha.
  7097 | D:8      | Learned a level 1 spell: Infusion
  7106 | D:8      | Reached skill level 10 in Fighting
  7115 | D:8      | Noticed a two-headed ogre
  7132 | D:8      | Killed a two-headed ogre
  7284 | D:8      | Reached skill level 5 in Stealth
  7721 | D:8      | Reached skill level 1 in Earth Magic
  7797 | D:8      | Reached XP level 10. HP: 82/96 MP: 19/19
  7845 | D:9      | Reached skill level 2 in Earth Magic
  7848 | D:9      | Reached **** piety under Sif Muna
  7867 | D:9      | Learned a level 3 spell: Force Lance
  7940 | D:9      | Reached skill level 3 in Earth Magic
  8011 | D:9      | Reached skill level 4 in Earth Magic
  8067 | D:9      | Noticed a black mamba
  8072 | D:9      | Killed a black mamba
  8072 | D:9      | Reached skill level 5 in Earth Magic
  8157 | D:9      | Noticed an orc sorcerer
  8160 | D:9      | Noticed a spiny frog
  8174 | D:9      | Paralysed by an orc sorcerer for 4 turns
  8179 | D:9      | Killed an orc sorcerer
  8179 | D:9      | Reached skill level 6 in Earth Magic
  8190 | D:9      | Reached skill level 7 in Earth Magic
  8481 | D:9      | Killed a spiny frog
  8539 | D:9      | Noticed a two-headed ogre
  8545 | D:9      | Killed a two-headed ogre
  8545 | D:9      | Reached skill level 9 in Earth Magic
  8634 | D:10     | Entered Level 10 of the Dungeon
  8672 | D:10     | Killed an unseen horror
  8753 | D:10     | Reached skill level 1 in Invocations
  8868 | D:10     | Reached XP level 11. HP: 53/102 MP: 16/20
  9090 | D:10     | Reached skill level 5 in Invocations
  9235 | D:10     | Killed an unseen horror
  9507 | D:10     | Learned a level 5 spell: Lee's Rapid Deconstruction
  9565 | D:10     | Reached skill level 10 in Earth Magic
  9999 | D:11     | Noticed Nergalle
 10011 | D:11     | Killed Nergalle
 10088 | D:11     | Noticed a seven-headed hydra
 10096 | D:11     | Killed a seven-headed hydra
 10200 | D:11     | Noticed a purple ugly thing
 10207 | D:11     | Killed a purple ugly thing
 10213 | D:11     | Noticed Harold
 10221 | D:11     | Killed Harold
 10221 | D:11     | Reached skill level 11 in Earth Magic
 10736 | D:11     | Noticed a deep elf mage
 10745 | D:11     | Killed a deep elf mage
 10836 | D:11     | Reached ***** piety under Sif Muna
 11266 | D:11     | Reached skill level 12 in Earth Magic
 11654 | D:12     | Reached XP level 12. HP: 110/110 MP: 21/21
 11855 | D:12     | Received a gift from Sif Muna
 11856 | D:12     | Got Sif Muna's Papyrus of the Neverending Beggars
 12063 | D:12     | Noticed a two-headed ogre
 12067 | D:12     | Killed a two-headed ogre
 12077 | D:12     | Reached skill level 10 in Invocations
 12875 | D:12     | Reached skill level 13 in Earth Magic
 12903 | D:12     | Got the amulet of Woim {Regen+ Str+5 Int+2 SInv}
 13085 | D:13     | Learned a level 7 spell: Orb of Destruction
 13797 | D:14     | Reached skill level 14 in Earth Magic
 13822 | D:14     | Reached XP level 13. HP: 116/116 MP: 4/23
 13962 | D:14     | Paralysed by a great orb of eyes for 7 turns
 14126 | D:14     | Noticed Roxanne
 14131 | D:14     | Killed Roxanne
 14138 | D:14     | Reached skill level 15 in Earth Magic
 14255 | D:14     | Got Roxanne's Reference Book on Transmigration
 14335 | D:14     | Found a deep blue altar of Sif Muna.
 14633 | D:15     | Entered Level 15 of the Dungeon
 14788 | D:15     | Found a gate to the Vaults.
 15325 | D:15     | Found a staircase to the Depths.
 15933 | D:15     | Received a gift from Sif Muna
 15934 | D:15     | Got Sif Muna's Guide on Evil Bewitchment
 15962 | D:15     | Reached XP level 14. HP: 124/124 MP: 1/26
 16526 | D:15     | Found a staircase to the Orcish Mines.
 16615 | Orc:1    | Entered Level 1 of the Orcish Mines
 16703 | Orc:1    | Reached skill level 10 in Spellcasting
 17093 | Orc:1    | Noticed Urug
 17096 | Orc:1    | Killed Urug
 17280 | Orc:2    | Entered Level 2 of the Orcish Mines
 17285 | Orc:2    | Found Ileath's Weapon Shoppe.
 17868 | Orc:2    | Found a staircase to the Slime Pits.
 17868 | Orc:2    | Found a viscous altar of Jiyva.
 17880 | Orc:2    | Found a staircase to the Swamp.
 18955 | Orc:2    | Found Yzexupt's Jewellery Emporium.
 18958 | Orc:2    | Found Bemmuthroi's Distillery.
 18959 | Orc:2    | Found Joyp Git's Book Emporium.
 18960 | Orc:2    | Found Gyddeelu's Assorted Antiques.
 18967 | Orc:2    | Bought the ring "Hutowios" {rF+ rC- MR+++ Dex+3 Slay-4} for 222 gold pieces
 19023 | Orc:2    | Found a viscous altar of Jiyva.
 19075 | Orc:2    | Found a staircase to the Slime Pits.
 19086 | Orc:2    | Found Ileath's Weapon Shoppe.
 19242 | Orc:2    | Found a staircase to the Swamp.
 19341 | Orc:2    | Found Yzexupt's Jewellery Emporium.
 19341 | Orc:2    | Found Joyp Git's Book Emporium.
 19342 | Orc:2    | Found Gyddeelu's Assorted Antiques.
 19342 | Orc:2    | Found Bemmuthroi's Distillery.
 19353 | Orc:2    | Bought a potion of heal wounds for 75 gold pieces
 19353 | Orc:2    | Bought a potion of heal wounds for 75 gold pieces
 19353 | Orc:2    | Bought a potion of heal wounds for 75 gold pieces
 19458 | Orc:2    | Bought a potion of augmentation for 75 gold pieces
 19458 | Orc:2    | Bought a potion of augmentation for 75 gold pieces
 19458 | Orc:2    | Bought a potion of augmentation for 75 gold pieces
 19463 | Orc:2    | Bought the amulet of the Villain {Faith rElec rF+ Dex-3} for 711 gold pieces
 19477 | Orc:2    | Bought a potion of ambrosia for 120 gold pieces
 19487 | Orc:2    | Learned a level 4 spell: Petrify
 19492 | Orc:2    | Learned a level 4 spell: Leda's Liquefaction
 19497 | Orc:2    | Learned a level 4 spell: Passage of Golubria
 19561 | Swamp:1  | Entered Level 1 of the Swamp
 19569 | Swamp:1  | Reached skill level 1 in Shields
 20175 | Swamp:1  | Reached skill level 1 in Transmutations
 20378 | Swamp:1  | Noticed Kirke
 20380 | Swamp:1  | Killed Kirke
 20380 | Swamp:1  | Reached XP level 15. HP: 130/130 MP: 12/31
 20788 | Swamp:1  | HP: 2/130 [alligator (13)]
 20788 | Swamp:1  | Mangled by an alligator

Skill      XL: |  1  2  3  4  5  6  7  8  9 10 11 12 13 14 15 |
---------------+----------------------------------------------+-----
Fighting       | 3 4 6 7 8 11 | 11.3
Stealth        | 1 3 4 6 7 |  7.2
Fire Magic     | 1 |  1.0
Spellcasting   | 4 6 8 12 | 12.1
Earth Magic    | 1 9 12 14 15 | 15.4
Invocations    | 4 9 12 14 | 14.7
Shields        | 3 4 |  4.6
Transmutations | 2 3 |  3.2
Blades         | |  2.0
Crossbows      | |  3.6
Throwing       | |  1.0
Evocations     | |  1.0

Action                   |  1- 3 |  4- 6 |  7- 9 | 10-12 | 13-15 || total
-------------------------+-------+-------+-------+-------+-------++-------
Melee: Rapier            |    51 |    46 |   210 |       |    11 ||   318
       Tailslap          |     4 |     4 |    28 |     2 |     4 ||    42
       Double sword      |       |       |    23 |    66 |    31 ||   120
       Dagger            |       |       |     1 |       |       ||     1
 Fire: Hand crossbow     |    35 |   104 |    87 |       |       ||   226
       Arbalest          |       |       |   133 |    65 |       ||   198
Throw: Stone             |       |     8 |       |     1 |       ||     9
       Tomahawk          |       |       |     3 |       |     1 ||     4
       Javelin           |       |       |       |     3 |     7 ||    10
 Cast: Conjure Flame     |       |       |    12 |    27 |     3 ||    42
       Apportation       |       |       |     1 |       |       ||     1
       Infusion          |       |       |     1 |       |       ||     1
       Force Lance       |       |       |       |    43 |    16 ||    59
       Lee's Rapid Decon |       |       |       |    87 |   102 ||   189
       Orb of Destructio |       |       |       |     9 |   165 ||   174
       Petrify           |       |       |       |       |     2 ||     2
Invok: Divine Energy     |       |     1 |       |     1 |       ||     2
       Channel Magic     |       |       |       |     3 |    15 ||    18
       Forget Spell      |       |       |       |     1 |       ||     1
       Stop Divine Energ |       |       |       |     1 |       ||     1
Evoke: Wand              |       |       |    11 |     5 |     3 ||    19
  Use: Potion            |       |       |     2 |       |     3 ||     5
       Scroll            |       |       |     1 |     3 |     3 ||     7
 Stab: Paralysed         |       |       |     2 |       |       ||     2
       Sleeping          |       |       |     1 |     3 |     1 ||     5
       Invisible         |       |       |       |       |     1 ||     1
       Petrified         |       |       |       |       |     4 ||     4
Armor: Skin              |    23 |    33 |   195 |    69 |    73 ||   393
Dodge: Dodged            |    38 |    65 |   214 |    68 |    85 ||   470
